 Dungeon Crawl Stone Soup version 0.18-a0-1655-ge2d8d33 (webtiles) character file.

116 dvd the Skirmisher (level 5, 0/46 HPs)
             Began as a Hill Orc Fighter on Mar 30, 2016.
             Slain by an orc warrior
             ... wielding a +0 war axe
              (9 damage)
             ... on level 1 of the Dungeon.
             The game lasted 00:05:40 (2430 turns).

dvd the Skirmisher (Hill Orc Fighter)               Turns: 2430, Time: 00:05:40

Health: 0/46       AC:  8    Str: 19    XL:     5   Next: 1%
Magic:  14/14      EV:  8    Int:  8    God:
Gold:   87         SH:  9    Dex: 11    Spells: 0 memorised, 4 levels left

rFire  . . .     SeeInvis .     a - +0 war axe
rCold  . . .     Gourm    .     b - +0 scale mail
rNeg   . . .     Faith    .     c - +0 shield
rPois  .         Spirit   .     (no helmet)
rElec  .         Dismiss  .     (no cloak)
rCorr  .         Reflect  .     (no gloves)
SustAt .         Harm     .     q - +0 pair of boots
MR     .....                    (no amulet)
Stlth  ..........               (no ring)
                                s - ring of magical power

@: not resistant to hostile enchantments, extremely unstealthy
A: no striking features
a: no special abilities


You were on level 1 of the Dungeon.
You were very hungry.

You visited 1 branch of the dungeon, and saw 3 of its levels.

You collected 87 gold pieces.

Inventory:

Hand Weapons
 a - a +0 war axe (weapon)
Missiles
 m - 5 javelins (quivered)
Armour
 b - a +0 scale mail (worn)
 c - a +0 shield (worn)
 q - a +0 pair of boots (worn)
Jewellery
 s - a ring of magical power (left hand)
Scrolls
 g - a scroll of random uselessness {unknown}
 i - a scroll of recharging {unknown}
 j - a scroll of fog {unknown}
 l - a scroll of remove curse {unknown}
 p - 2 scrolls of identify {unknown}
Potions
 e - a potion of curing {unknown}
 h - a potion of lignification {unknown}
 k - a potion of experience {unknown}
 n - a potion of agility {unknown}
 o - a potion of haste {unknown}
Comestibles
 f - 3 bread rations
 r - 4 fruits


   Skills:
 + Level 4.2 Fighting
 + Level 3.8 Axes
 + Level 3.8 Armour
 + Level 1.4 Dodging
 + Level 0.1 Stealth
 + Level 4.0 Shields


You had 4 spell levels left.
You didn't know any spells.

Dungeon Overview and Level Annotations

Branches:
Dungeon (3/15)

Altars:
Yredelemnul


Message History

You see here a stone.
You see here a club.
There is a stone staircase leading up here.
The orc warrior hits you with a war axe!
* * * LOW HITPOINT WARNING * * *
You climb upwards.
There is a stone staircase leading down here.
Drink which item? (? for menu, Esc to quit)
You feel very mighty all of a sudden. You block the orc warrior's attack.
You hit the orc warrior.
The orc warrior is lightly wounded.
The orc warrior hits you with a war axe!
* * * LOW HITPOINT WARNING * * *
Unknown command.
You see here a club.
You feel a little less mighty now.
You closely miss the orc warrior.
The orc warrior hits you with a war axe!
You die...

♣≈≈♣P.≈≈♣PP♣♣.>.# ♣≈≈≈.≈≈≈......
♣♣♣♣♣≈.≈♣♣♣♣♣...####♣≈≈.≈P.....#.
.♣..♣P.♣♣.♣♣.........PP.≈.....#..
...♣♣♣≈≈♣.....)...>#.#...#...##.#
...# ♣.≈♣#####...#.#.#...###..#.#
...#♣♣.P♣....#.#.........####....
.............#.###...##....####..
.............#.##....##......##..
...............o@....#####.......
...#.............#.#..######..###
...#............................#
#####.##.####....)#)............#
#####..#.##.....#...............#
............#.###...............#
...###..###.....................#
..............####..............#
...####.###...####..............#


You could see an orc warrior.

Vanquished Creatures
  An orc wizard (D:3)
  2 adders (D:2)
  2 dart slugs (D:1)
  3 giant geckos (D:1)
  3 orcs (D:3)
  2 bats (D:1)
  4 giant cockroaches
  9 goblins
  6 hobgoblins
  4 quokkas (D:2)
  3 ball pythons
  4 giant newts (D:1)
  7 kobolds
  7 rats
  A plant (D:2)
58 creatures vanquished.

Notes
Turn   | Place    | Note
--------------------------------------------------------------
     0 | D:1      | dvd the Hill Orc Fighter began the quest for the Orb.
     0 | D:1      | Reached XP level 1. HP: 19/19 MP: 1/1
   150 | D:1      | Reached XP level 2. HP: 6/27 MP: 2/2
   497 | D:1      | Reached XP level 3. HP: 22/33 MP: 3/3
  1269 | D:2      | Reached skill level 1 in Dodging
  1433 | D:2      | Reached XP level 4. HP: 40/40 MP: 4/4
  1792 | D:2      | Found a basalt altar of Yredelemnul.
  2261 | D:3      | Noticed an orc warrior
  2276 | D:3      | Reached XP level 5. HP: 35/46 MP: 5/5
  2384 | D:1      | HP: 2/46 [orc warrior/war axe (10)]
  2430 | D:1      | Slain by an orc warrior

Vault maps used:
D:1:      evilmike_arrival_crescent, serial_bayou, serial_bayou_crossing,
          serial_bayou_pond_b, serial_bayou_lagoon_b, serial_bayou_pond_e
D:2:      overflow_temple_1_default, serial_forest, infiniplex_forest_end_2,
          infiniplex_forest_clump_C, infiniplex_forest_clump_tiny,
          infiniplex_forest_clump_diagonal, infiniplex_forest_lined_3_way,
          infiniplex_forest_end_3
D:3:      grunt_temple_overflow_magic_moments, first_bread,
          nicolae_dithmenos_through_a_glass_darkly

Skill      XL: |  1  2  3  4 |
---------------+-------------+-----
Axes           | 3 |  3.8
Fighting       | 4 |  4.2
Dodging        | 1 |  1.4
Shields        | 4 |  4.0
Armour         | |  3.8
Stealth        | |  0.1

Action                   |  1- 3 |  4- 6 || total
-------------------------+-------+-------++-------
Melee: War axe           |   178 |    53 ||   231
  Use: Potion            |       |     1 ||     1
  Eat: Chunk             |     2 |     2 ||     4
